 Dungeon Crawl Stone Soup version 0.30-a0-166-g5d06c95188 (webtiles) character file.

Game seed: 10825443526945671845

944 qw the Chopper (level 8, -15/49 HPs)
             Began as a Gargoyle Fighter on Sept 28, 2022.
             Demolished by an ogre
             ... wielding a +0 giant spiked club
              (19 damage)
             ... on level 5 of the Dungeon.
             The game lasted 00:02:09 (5655 turns).

qw the Chopper (Gargoyle Fighter)                   Turns: 5655, Time: 00:02:09

Health: -15/49     AC: 14    Str: 23    XL:     8   Next: 12%
Magic:  8/8        EV:  8    Int:  8    God:
Gold:   395        SH:  4    Dex:  9    Spells: 7/7 levels left

rFire   . . .      SeeInvis .    Y - +1 war axe
rCold   . . .      Faith    .    c - +0 buckler
rNeg    + . .      Spirit   .    f - +0 chain mail
rPois   inf        Reflect  .    (no helmet)
rElec   +          Harm     .    (no cloak)
rCorr   .          Rampage  .    (no gloves)
Will    +....                    (no boots)
Stlth   ..........               (no amulet)
HPRegen 0.16/turn                j - ring of willpower
MPRegen 0.11/turn                (no ring)

@: about to teleport
A: sickness immunity, AC +5, negative energy resistance 1, electricity
resistance, torment resistance 1, petrification resistance
a: no special abilities


You were on level 5 of the Dungeon.
You visited 1 branch of the dungeon, and saw 5 of its levels.

You collected 395 gold pieces.


Innate Abilities, Weirdness & Mutations

You are immune to sickness and miasma.
Your stone body is resilient. (AC +5)
You are immune to poison.
You resist negative energy. (rN+)
You are resistant to electric shocks. (rElec)
You are resistant to unholy torment.
You are immune to petrification.


   Skills:
 - Level 5.0 Fighting
 + Level 7.6 Axes
 - Level 3.2 Armour
 - Level 1.5 Dodging
 - Level 3.2 Shields


You had 7 spell levels left.
You didn't know any spells.
Your spell library was empty.

Inventory:

Hand Weapons
 m - a +2 flail of venom
 Y - a +1 war axe (weapon)
Armour
 b - a +0 cloak
 c - a +0 buckler (worn)
 f - a +0 chain mail (worn)
 n - a +1 ring mail of cold resistance
Jewellery
 j - a ring of willpower (left hand)
Scrolls
 h - a scroll of identify
Potions
 a - a potion of resistance {unknown}
 d - a potion of might
 e - a potion of magic {unknown}
 g - a potion of lignification
 i - a potion of curing
 l - a potion of degeneration {unknown}

Dungeon Overview and Level Annotations

Branches:
Dungeon (5/15)
 Temple: D:4-7

Altars:
Cheibriados
Hepliaklqana
Kikubaaqudgha
Makhleb
Ru
Uskayaw

Annotations:
D:2 1 runed translucent door, Crazy Yiuf
D:3 3 runed translucent doors, qw's ghost, amateur GrFi


Message History

The orc shouts!
You hit the orc.
The orc is severely wounded.
The orc barely misses you.
You closely miss the orc.
The orc is severely wounded.
You block the orc's attack.
You hit the orc.
You kill the orc!
Things that are here:
a +0 mace; a +0 ring mail; an orc corpse
Found a hand axe.
There is an escape hatch in the floor here.
Found a scimitar.
Enter note: An ogre comes into view. It is wielding a +0 giant spiked club.
The ogre shouts!
You barely miss the ogre.
The ogre hits you with a +0 giant spiked club!
You hit the ogre.
The ogre is lightly wounded.
You hit the ogre.
The ogre is lightly wounded.
The ogre hits you with a +0 giant spiked club!
You barely miss the ogre.
The ogre is lightly wounded.
The ogre closely misses you.
You slash the ogre!
The ogre is heavily wounded.
The ogre barely misses you.
You hit the ogre.
The ogre is heavily wounded.
You slash the ogre!
The ogre is almost dead.
The ogre hits you with a +0 giant spiked club!!
5655 ||| READING scroll of teleportation.
As you read the scroll of teleportation, it crumbles to dust.
You feel strangely unstable.
The ogre hits you with a +0 giant spiked club!!
You die...

##.#.......... #
#.............## .J ##
...............# . ..
..............#####. #
..........>........
...................#
...##.............###
......O....>........###
.......@##....###..##.#
#.....).##..####......##
##..........##.#).....#.
#.........#.............
....#.....#.............
#).##............#......
##. #............##...##
# ##...........##...#.
.........<..........


You could see an ogre.

Vanquished Creatures
  Grinder (D:3)
  A necrophage (D:4)
  A scorpion (D:5)
  A jelly (D:5)
  A gnoll bouda (D:4)
  A hound (D:4)
  An iron imp (D:4)
  An iguana (D:4)
  Ijyb (D:5)
  Natasha (thrice) (D:2)
  2 orc wizards (D:5)
  11 adders
  12 gnolls
  An ufetubus (D:5)
  2 worms (D:2)
  2 dart slugs
  6 orcs
  9 ball pythons
  5 endoplasms
  5 giant cockroaches
  7 goblins
  8 hobgoblins
  5 jackals
  7 quokkas
  5 bats
  5 frilled lizards
  10 kobolds
  9 rats
123 creatures vanquished.

Vanquished Creatures (others)
  A fungus (D:2)
1 creature vanquished.

Grand Total: 124 creatures vanquished

Notes
Turn   | Place    | Note
-------+----------+-------------------------------------------
     0 | D:1      | qw the Gargoyle Fighter began the quest for the Orb.
     0 | D:1      | Reached XP level 1. HP: 14/14 MP: 1/1
     0 | D:1      | 0 ||| qw: Version: 0.2-a-12-gaebbb33
     0 | D:1      | 0 ||| qw: Game counter: 940
     0 | D:1      | 0 ||| qw: Always use a shield: true
     0 | D:1      | 0 ||| qw: God list: Okawaru
     0 | D:1      | 0 ||| qw: Allow faded altars: false
     0 | D:1      | 0 ||| qw: Do Orc after D:15 true
     0 | D:1      | 0 ||| qw: Do second Lair branch before Depths: true
     0 | D:1      | 0 ||| qw: Lair rune preference: random
     0 | D:1      | 0 ||| qw: Plans: Normal, Zot:1-4, God:TSO, Crypt, Tomb,
                  | Pan, Slime:5, Hells, Abyss, Orb
     0 | D:1      | 0 ||| PLANNING D:1-11
     6 | D:1      | Reached skill level 2 in Axes
    75 | D:1      | Reached XP level 2. HP: 19/19 MP: 2/2
   571 | D:1      | Reached skill level 3 in Axes
   628 | D:1      | Reached XP level 3. HP: 23/23 MP: 3/3
   656 | D:1      | 656 ||| Stepping ~*~*~tactically~*~*~ (stealth).
   728 | D:1      | 728 ||| DROPPING +0 club.
   947 | D:1      | 947 ||| Stepping ~*~*~tactically~*~*~ (stealth).
   949 | D:1      | 949 ||| Stepping ~*~*~tactically~*~*~ (stealth).
  1189 | D:1      | 1189 ||| Stepping ~*~*~tactically~*~*~ (stealth).
  1216 | D:1      | 1216 ||| DROPPING orb of wrath.
  1217 | D:1      | 1217 ||| UPGRADING to ring of willpower.
  1218 | D:1      | 1218 ||| READING scroll labelled ONKIENW UTHEO.
  1219 | D:1      | 1219 ||| READING scroll labelled AKAOCWYNKU.
  1220 | D:1      | 1220 ||| READING scroll labelled HAIRGH APLO.
  1284 | D:2      | 1284 ||| STAIRDANCE
  1370 | D:2      | Reached XP level 4. HP: 28/28 MP: 4/4
  1400 | D:2      | Reached skill level 4 in Axes
  1661 | D:2      | 1661 ||| Stepping ~*~*~tactically~*~*~ (stealth).
  1664 | D:2      | 1664 ||| Stepping ~*~*~tactically~*~*~ (hiding).
  1841 | D:2      | Noticed Natasha
  1850 | D:2      | HP: 7/28 [Natasha (3)]
  1851 | D:2      | Killed Natasha
  1852 | D:2      | Reached XP level 5. HP: 8/32 MP: 5/5
  2298 | D:2      | Found a runed translucent door.
  2299 | D:2      | Noticed Crazy Yiuf
  2452 | D:2      | Noticed Natasha
  2453 | D:2      | 2453 ||| Stepping ~*~*~tactically~*~*~ (stealth).
  2454 | D:2      | 2454 ||| Stepping ~*~*~tactically~*~*~ (stealth).
  2459 | D:2      | 2459 ||| Stepping ~*~*~tactically~*~*~ (stealth).
  2471 | D:2      | Killed Natasha
  2472 | D:2      | Reached skill level 5 in Axes
  2562 | D:2      | Noticed Natasha
  2563 | D:2      | 2563 ||| Stepping ~*~*~tactically~*~*~ (stealth).
  2570 | D:2      | Killed Natasha
  2743 | D:2      | 2743 ||| UPGRADING to +0 chain mail.
  2753 | D:2      | 2753 ||| DROPPING +0 scale mail.
  2754 | D:2      | 2754 ||| READING scroll labelled YLICISTO GAAZA.
  2755 | D:2      | 2755 ||| READING scroll labelled WESIRYFFOLA.
  2756 | D:2      | 2756 ||| READING 2 scrolls labelled PADOUSH WANYMI.
  2757 | D:2      | 2757 ||| READING scroll labelled KETHYS WIMONWIXZA.
  2758 | D:2      | 2758 ||| DRINKING 2 fuming green potions.
  2759 | D:2      | 2759 ||| DROPPING potion of flight.
  2760 | D:2      | 2760 ||| DROPPING scroll of fog.
  2799 | D:3      | Found a hazy altar of Hepliaklqana.
  2890 | D:3      | 2890 ||| Stepping ~*~*~tactically~*~*~ (stealth).
  2891 | D:3      | 2891 ||| DROPPING +0 mace.
  2915 | D:3      | Found a faded altar of an unknown god.
  2923 | D:3      | 2923 ||| DROPPING +1 hand axe of venom.
  2955 | D:3      | Reached XP level 6. HP: 36/38 MP: 6/6
  2985 | D:3      | Found a runed translucent gate.
  2986 | D:3      | Found a runed translucent gate.
  2987 | D:3      | Found a runed translucent gate.
  2988 | D:3      | Noticed qw's ghost (amateur GrFi)
  3028 | D:3      | Noticed Grinder
  3030 | D:3      | 3030 ||| Stepping ~*~*~tactically~*~*~ (hiding).
  3041 | D:3      | Killed Grinder
  3042 | D:3      | Reached skill level 6 in Axes
  3257 | D:3      | Reached XP level 7. HP: 43/43 MP: 7/7
  3444 | D:3      | Found a burning altar of Makhleb.
  3543 | D:3      | 3543 ||| READING 2 scrolls labelled MALAGE DADESM.
  3544 | D:3      | 3544 ||| DRINKING 2 fuming cyan potions.
  3731 | D:4      | Reached skill level 1 in Dodging
  3803 | D:4      | 3803 ||| Stepping ~*~*~tactically~*~*~ (stealth).
  3807 | D:4      | 3807 ||| Stepping ~*~*~tactically~*~*~ (stealth).
  3814 | D:4      | 3814 ||| Stepping ~*~*~tactically~*~*~ (stealth).
  3815 | D:4      | 3815 ||| Stepping ~*~*~tactically~*~*~ (stealth).
  3817 | D:4      | 3817 ||| Stepping ~*~*~tactically~*~*~ (hiding).
  3862 | D:4      | 3862 ||| FLEEEEING.
  3863 | D:4      | 3863 ||| FLEEEEING.
  3864 | D:4      | 3864 ||| FLEEEEING.
  3869 | D:4      | 3869 ||| FLEEEEING.
  3870 | D:4      | 3870 ||| FLEEEEING.
  3871 | D:4      | 3871 ||| FLEEEEING.
  3872 | D:4      | 3872 ||| FLEEEEING.
  3873 | D:4      | 3873 ||| STAIRDANCE
  4341 | D:4      | 4341 ||| DROPPING +0 flail.
  4349 | D:4      | Found an ancient bone altar of Kikubaaqudgha.
  4349 | D:4      | Found a hide-covered altar of Uskayaw.
  4447 | D:4      | 4447 ||| DROPPING orb of wrath.
  4448 | D:4      | 4448 ||| READING scroll labelled ZIROYC INOGOAF.
  4449 | D:4      | 4449 ||| READING scroll of teleportation.
  4476 | D:4      | Found a snail-covered altar of Cheibriados.
  4660 | D:4      | Reached skill level 7 in Axes
  4879 | D:4      | 4879 ||| READING scroll labelled TUISTIECAL.
  4880 | D:4      | 4880 ||| DRINKING 2 bubbling coppery potions.
  4957 | D:5      | Entered Level 5 of the Dungeon
  5157 | D:5      | 5157 ||| Stepping ~*~*~tactically~*~*~ (stealth).
  5165 | D:5      | Reached XP level 8. HP: 40/49 MP: 8/8
  5236 | D:5      | Found a sacrificial altar of Ru.
  5237 | D:5      | 5237 ||| Stepping ~*~*~tactically~*~*~ (stealth).
  5292 | D:5      | Noticed Ijyb
  5294 | D:5      | 5294 ||| Stepping ~*~*~tactically~*~*~ (hiding).
  5295 | D:5      | 5295 ||| Stepping ~*~*~tactically~*~*~ (hiding).
  5308 | D:5      | Killed Ijyb
  5376 | D:5      | 5376 ||| FLEEEEING.
  5380 | D:5      | 5380 ||| Stepping ~*~*~tactically~*~*~ (stealth).
  5382 | D:5      | 5382 ||| Stepping ~*~*~tactically~*~*~ (stealth).
  5618 | D:5      | 5618 ||| Stepping ~*~*~tactically~*~*~ (stealth).
  5619 | D:5      | 5619 ||| Stepping ~*~*~tactically~*~*~ (stealth).
  5624 | D:5      | 5624 ||| Stepping ~*~*~tactically~*~*~ (stealth).
  5654 | D:5      | HP: 4/49 [ogre/+0 giant spiked club (18)]
  5655 | D:5      | 5655 ||| READING scroll of teleportation.
  5655 | D:5      | Demolished by an ogre

Levels and vault maps discovered:
D:1:      dpeg_arrival_prison, layout_basic, hangedman_decor_growths
D:2:      layout_basic, uniq_natasha, uniq_crazy_yiuf_cottage
D:3:      layout_basic, amcnicky_altar_gilded, mainiacjoe_overflow_alcove_4,
          shapermc_ecumenical_altar_venn, gammafunk_ghost_split,
          wander_ebering_terrifying_dragon_lair, uniq_grinder
D:4:      layout_basic, gammafunk_temple_overflow_statue, slow_altar_1,
          kennysheep_generic_room_16
D:5:      layout_cave_pools, nicolae_ru_great_annihilating_truth, fountainhead,
          minmay_manual_monstrance, uniq_pikel, uniq_ijyb

Skill      XL: |  1  2  3  4  5  6  7 |
---------------+----------------------+-----
Axes           | 2 3 4 5 6 7 |  7.6
Fighting       | 4 5 |  5.0
Dodging        | 1 |  1.5
Armour         | |  3.2
Shields        | |  3.2

Action                   |  1- 3 |  4- 6 |  7- 9 || total
-------------------------+-------+-------+-------++-------
Melee: War axe           |   110 |   127 |   205 ||   442
  Use: Scroll            |     3 |     4 |     5 ||    12
       Potion            |       |     1 |     2 ||     3
Armor: Scale mail        |    60 |    43 |       ||   103
       Chain mail        |       |    10 |    92 ||   102
Dodge: Dodged            |    66 |    52 |    77 ||   195
Block: Buckler           |    16 |    16 |    35 ||    67

Table legend:
 A = Non-vault XP
 B = Vault XP
 C = Vault XP percentage of total XP
 D = Non-vault monster count
 E = Vault monster count
 F = Vault count percentage of total count
                 A         B        C        D         E       F
            +---------+---------+-------+---------+---------+-------
      Total |     899 |     450 |  33.4 |     105 |      18 |  14.6
            +---------+---------+-------+---------+---------+-------
        D:1 |      50 |       9 |  15.3 |      30 |       6 |  16.7
        D:2 |     199 |      36 |  15.3 |      26 |       1 |   3.7
        D:3 |      49 |     282 |  85.2 |      14 |       2 |  12.5
        D:4 |     303 |      43 |  12.4 |      18 |       3 |  14.3
        D:5 |     298 |      80 |  21.2 |      17 |       6 |  26.1
            +---------+---------+-------+---------+---------+-------
